cohdb
Replays
Latest Replays
All Replays
Popular Replays
Top Player Replays
Match Explorer
How It Works
Community
CoH3 Stats
Reddit
Sign in to upload your games and track your stats! →
Sign in with Steam
Match 45068110
Unlisted
Match 45068110
Overview
Messages
Build Orders
End
Construct Infanterie Kompanie
Pioneer Squad
Selects Terror Battlegroup
Selects Machine Gun Camouflage
MG 42 Machine Gun Team
MG 42 Machine Gun Team
Grenadier Squad
Medical Bunker
Selects Interrogate
Construct Panzergrenadier Kompanie
251 Medium Carrier
Panzergrenadier Squad
Pioneer Squad
Panzergrenadier Officer Quarters
Pak 40 Anti-tank Gun Team
Support Elements
Pioneer Squad
StuG III G Assault Gun
Side Skirts
Panzergrenadier Squad
Selects No Quarter
Pak 40 Anti-tank Gun Team
Nebelwerfer 42 Rocket Launcher Team
StuG III G Assault Gun
Construct Panzer Kompanie
Panzer IV Medium Tank
Panzer Officer Quarters
Panzer IV Medium Tank
Selects Propaganda Leaflet Drop
Propaganda Leaflet Drop
Panzer IV Medium Tank
Pioneer Squad
Propaganda Leaflet Drop
Propaganda Leaflet Drop
AfroNinja
Woon86
Yong
Tatari◑。
Воин вацапа
Guitch
0
0
Comments
sign in to comment!
No comments posted yet!